 Dungeon Crawl Stone Soup version 0.29-a0-88-g03a7b78be7 (webtiles) character file.

Game seed: 16889583617255265711

47 bande the Covered (level 3, -5/24 HPs)
             Began as a Gargoyle Fighter on Feb 6, 2022.
             Slain by a goblin (6 damage)
             ... led by Robin
             ... on level 2 of the Dungeon.
             The game lasted 00:01:58 (1101 turns).

bande the Covered (Gargoyle Fighter)                Turns: 1101, Time: 00:01:59

Health: -5/24      AC: 10    Str: 19    XL:     3   Next: 70%
Magic:  3/3        EV:  9    Int:  8    God:
Gold:   12         SH:  4    Dex: 11    Spells: 2/2 levels left

rFire   . . .      SeeInvis .   a - +0 war axe
rCold   + . .      Faith    .   c - +0 buckler
rNeg    + . .      Spirit   .   b - +0 scale mail
rPois   ∞          Reflect  .   (no helmet)
rElec   +          Harm     .   (no cloak)
rCorr   .          Rampage  .   (no gloves)
Will    .....                   (no boots)
Stlth   ..........              (no amulet)
HPRegen 0.08/turn               i - ring of protection from cold
MPRegen 0.08/turn               (no ring)

@: no status effects
A: sickness immunity, AC +3, negative energy resistance 1, electricity
resistance, torment resistance 1, petrification resistance
a: no special abilities


You were on level 2 of the Dungeon.
You visited 1 branch of the dungeon, and saw 2 of its levels.

You collected 26 gold pieces.
You spent 14 gold pieces at shops.

Inventory:

Hand Weapons
 a - a +0 war axe (weapon)
Armour
 b - a +0 scale mail (worn)
 c - a +0 buckler (worn)
Jewellery
 i - a ring of protection from cold (left hand)
Scrolls
 e - 5 scrolls of identify {unknown}
 f - a scroll of enchant weapon {unknown}
 g - 3 scrolls of vulnerability {unknown}
 h - a scroll of magic mapping {unknown}
Potions
 d - a potion of might


   Skills:
 + Level 3.7 Fighting
 + Level 2.4 Axes
 + Level 3.9 Armour
 + Level 0.2 Stealth
 + Level 3.5 Shields


You had 2 spell levels left.
You didn't know any spells.
Your spell library contained the following spells:

 Spells                   Type           Power      Damage    Failure   Level
 Pain                     Necr           0%         1d4       86%         1
 Shock                    Conj/Air       0%         1d3       86%         1
 Ignite Poison            Fire/Tmut/Pois 0%         N/A       99%         3
 Mephitic Cloud           Conj/Pois/Air  0%         N/A       99%         3
 Swiftness                Air            0%         N/A       99%         3
 Airstrike                Air            0%         N/A       100%        4
 Agony                    Necr           0%         N/A       100%        5
 Excruciating Wounds      Necr           0%         N/A       100%        5
 Freezing Cloud           Conj/Ice/Air   0%         6-21      100%        5


Dungeon Overview and Level Annotations

Branches:
Dungeon (2/15)

Altars:
Elyvilon

Shops:
D:1 !

Annotations:
D:2 Robin


Innate Abilities, Weirdness & Mutations

You are immune to sickness and miasma.
Your stone body is resilient. (AC +3)
You are immune to poison.
You resist negative energy. (rN+)
You are resistant to electric shocks. (rElec)
You are resistant to unholy torment.
You are immune to petrification.


Message History

The goblins go into a battle-frenzy!
The goblin hits you with a +3 dagger of electrocution.
You closely miss the hobgoblin. You barely miss the goblin.
A goblin comes into view. It is wielding a +0 dagger.
You block the hobgoblin's attack. The goblin hits you but does no damage.
Robin throws the goblin at you!
A goblin comes into view. It is wielding a +0 dagger.
The hobgoblin hits you but does no damage.
The goblin hits you with a +3 dagger of electrocution.
The hobgoblin barely misses you.
The goblin shouts!
Unknown command.
You closely miss the hobgoblin. x2; You hit the goblin.
You kill the goblin!
You barely miss the goblin. Robin throws the goblin at you!
The goblin hits you but does no damage.
The goblin hits you with a +3 dagger of electrocution!
* * * LOW HITPOINT WARNING * * *
The goblin unwields a +0 club.
The goblin wields a +0 hunting sling.
The goblin shoots a stone.
The stone hits you but does no damage. You block the hobgoblin's attack.
The goblin hits you but does no damage. x2
The hobgoblin hits you but does no damage.
The hobgoblin barely misses you.
The goblin hits you with a +3 dagger of electrocution.
* * * LOW HITPOINT WARNING * * *
The goblin unwields a +0 hunting sling.
The goblin wields a +0 club.
The goblin hits you but does no damage.
You slash the goblin!
You kill the goblin!
You slash the goblin!
You kill the goblin!
You hit the goblin. You slash the goblin!
You kill the goblin!
You slash the hobgoblin!
You kill the hobgoblin!
You barely miss the hobgoblin. You completely miss the goblin.
The goblin hits you but does no damage. The hobgoblin barely misses you.
The goblin hits you with a +3 dagger of electrocution.
You die...

####.#...........>#
#.#............#
#..............#
##..........#.##
#...#####....# .
#..## ...... ...
#..# ###.##
#...#))###.# ..
#....g@g...#
...#.#ggg..## .
#...........
#...g.....##
...........#
##..........#
##...........
#.........#.


You could see Robin, 2 hobgoblins and 3 goblins.

Vanquished Creatures
  2 dart slugs (D:1)
  4 ball pythons (D:1)
  4 endoplasms
  8 goblins
  8 hobgoblins
  6 bats (D:1)
  2 frilled lizards (D:1)
  3 kobolds (D:1)
  6 rats (D:1)
43 creatures vanquished.

Notes
Turn   | Place    | Note
-------+----------+-------------------------------------------
     0 | D:1      | bande the Gargoyle Fighter began the quest for the Orb.
     0 | D:1      | Reached XP level 1. HP: 14/14 MP: 1/1
    51 | D:1      | Reached XP level 2. HP: 18/19 MP: 2/2
   156 | D:1      | Found Citim's Distillery.
   160 | D:1      | Bought a potion of degeneration for 14 gold pieces
   520 | D:1      | Reached XP level 3. HP: 22/23 MP: 3/3
  1064 | D:2      | Found a white marble altar of Elyvilon.
  1096 | D:2      | Noticed Robin
  1100 | D:2      | HP: 1/24 [goblin[Robin] (6)]
  1101 | D:2      | Slain by a goblin

Illustrated notes

Levels and vault maps discovered:
D:1:      saegor_arrival_simple_a, layout_loops_corners, serial_shops,
          shop_statue, st_stairs_12
D:2:      minmay_wonky_spiral, layout_rooms, basic_altar, serial_shops,
          nicolae_shop_hallway_plus, uniq_robin

Skill      XL: |  1  2 |
---------------+-------+-----
Axes           | 2 |  2.4
Fighting       | |  3.7
Armour         | |  3.9
Stealth        | |  0.2
Shields        | |  3.5

Action                   || total
-------------------------++-------
Melee: War axe           ||   111
Armor: Scale mail        ||    87
Dodge: Dodged            ||    59
Block: Buckler           ||    31

Table legend: (Time is in decaauts)
 A = Elapsed time spent in this place.
 B = Non-inter-level travel time spent in this place.
 C = Inter-level travel time spent in this place.
 D = Time resting spent in this place.
 E = Time spent auto-exploring this place.
 F = Levels seen in this place.
 G = Mean time per level.
                   A        B        C        D        E       F      G
               +--------+--------+--------+--------+--------+-----+--------+
         Total |   1148 |   1089 |     59 |      0 |    799 |   2 |  574.0 |
       Dungeon |   1148 |   1089 |     59 |      0 |    799 |   2 |  574.0 |
               +--------+--------+--------+--------+--------+-----+--------+

Top non-repeatable levels by time:
     D:1: 1109 daAuts
     D:2: 39 daAuts
